 Dungeon Crawl Stone Soup version 0.30-a0-168-g0b976cbdc4 (webtiles) character file.

Game seed: 17338382559894891315

39381 qw the Cleaver (level 14, -4/90 HPs)
             Began as a Gargoyle Fighter on Sept 29, 2022.
             Was a High Priest of Okawaru.
             Shot with an arrow by Nessos (15 damage)
             ... on level 5 of the Lair of Beasts.
             The game lasted 00:08:04 (17973 turns).

qw the Cleaver (Gargoyle Fighter)                  Turns: 17973, Time: 00:08:04

Health: -4/90      AC: 40    Str: 28    XL:     14   Next: 6%
Magic:  27/30      EV: 10    Int: 10    God:    Okawaru [*****.]
Gold:   947        SH:  6    Dex:  9    Spells: 13/13 levels left

rFire   x x .      SeeInvis .    Y - +2 broad axe (elec)
rCold   + + .      Faith    .    c - +0 buckler
rNeg    + + .      Spirit   .    r - +0 plate armour
rPois   inf        Reflect  .    p - +2 helmet
rElec   +          Harm     .    w - +0 cloak
rCorr   .          Rampage  .    u - +2 pair of gloves
Will    +....                    v - +2 pair of boots
Stlth   ..........               (no amulet)
HPRegen 0.25/turn                k - ring of ice
MPRegen 0.22/turn                h - ring of Ixedoveg {Ice rN+ MP+9 Str+4}

@: about to teleport, heroic, finesse-ful, flying
A: sickness immunity, AC +10, big wings, negative energy resistance 1,
electricity resistance, torment resistance 1, petrification resistance
a: Renounce Religion, Heroism, Finesse, Duel


You were on level 5 of the Lair of Beasts.
You worshipped Okawaru.
Okawaru was extremely pleased with you.
You visited 2 branches of the dungeon, and saw 16 of its levels.

You collected 947 gold pieces.


Innate Abilities, Weirdness & Mutations

You are immune to sickness and miasma.
Your stone body is resilient. (AC +10)
You are immune to poison.
Your large and strong wings let you fly.
You resist negative energy. (rN+)
You are resistant to electric shocks. (rElec)
You are resistant to unholy torment.
You are immune to petrification.


   Skills:
 - Level 11.0(16.0) Fighting
 + Level 14.5(19.5) Axes
 - Level 4.0(9.0) Throwing
 - Level 11.1(16.1) Armour
 - Level 2.7(7.7) Dodging
 - Level 7.1(12.1) Shields
 - Level 10.0 Invocations


You had 13 spell levels left.
You didn't know any spells.
Your spell library was empty.

Inventory:

Hand Weapons
 j - the +8 flail of the Traitor {drain, rCorr Str+5}
   (You found it on level 8 of the Dungeon)

   A truly terrible weapon, it drains the life of any living foe it strikes.
   Str:       It affects your strength (+5).
   rCorr:     It protects you from acid and corrosion.
 s - a +4 morningstar of freezing
 Y - a +2 broad axe of electrocution (weapon)
Missiles
 m - 4 javelins (quivered)
 A - 7 boomerangs
Armour
 b - the +1 plate armour of Zin's Supremacy {rC- Dex-5 SInv Stlth+}
   (You found it on level 4 of the Lair of Beasts)

   Dex:       It affects your dexterity (-5).
   rC:        It makes you vulnerable to cold.
   SInv:      It lets you see invisible.
   Stlth:     It makes you more stealthy.
 c - a +0 buckler (worn)
 p - a +2 helmet (worn)
 r - a +0 plate armour (worn)
 u - a +2 pair of gloves (worn)
 v - a +2 pair of boots (worn)
 w - a +0 cloak (worn)
Jewellery
 h - the ring of Ixedoveg (right hand) {Ice rN+ MP+9 Str+4}
   (You found it on level 2 of the Lair of Beasts)

   [ring of ice]

   It enhances your ice magic.
   Str:       It affects your strength (+4).
   rF:        It makes you vulnerable to fire.
   rC:        It protects you from cold.
   rN:        It protects you from negative energy.
   MP:        It affects your magic capacity (+9).
 k - a ring of ice (left hand)
 y - a ring of resist corrosion
Wands
 x - a wand of digging (17)
Scrolls
 a - 5 scrolls of identify
 g - 8 scrolls of teleportation
Potions
 d - 6 potions of might
 e - 3 potions of curing
 f - 6 potions of heal wounds
 i - 4 potions of haste
 l - 5 potions of mutation
 o - a potion of cancellation
 q - 3 potions of lignification
 t - 3 potions of attraction
 z - a potion of resistance
 B - 2 potions of magic

Dungeon Overview and Level Annotations

Branches:
Dungeon (11/15)            Temple (0/1) D:4            Lair (5/5) D:11
  Swamp (0/4) Lair:3       Spider (0/4) Lair:3          Orc (0/2) D:10
  Slime: Lair:4-5

Altars:
Hepliaklqana
Nemelex Xobeh
Okawaru
Sif Muna
Wu Jian
The Shining One

Portals:
Abyss: D:10

Annotations:
D:10 2 transporters, qw's ghost, journeyman GrFi
Lair:5 Nessos


Message History

The blink frog blinks! x2
Nessos casts a spell.
Nessos blinks!
The blink frog blinks!
Nessos shoots an arrow.
The arrow hits you. The arrow burns you.
Nessos gestures wildly while chanting.
Nessos blinks!
You block the blink frog's attack.
You barely miss the blink frog. You closely miss the blink frog.
You slice Nessos!!
Nessos is moderately wounded.
You miss the blink frog. You slice the blink frog!!
Nessos unwields a +2 longbow of flaming.
It stops flaming.
Nessos misses you. You block Nessos's attack.
The blink frog closely misses you. x2
You miss the blink frog.
The blink frog is severely wounded.
You closely miss Nessos. You hit the blink frog.
Lightning courses through the blink frog!
Nessos casts a spell.
Nessos blinks!
The blink frog blinks!
You slice the blink frog!!
Lightning courses through the blink frog!
You kill the blink frog!
Okawaru accepts your kill.
Nessos wields a +2 longbow of flaming.
It bursts into flame!
Nessos shoots an arrow.
The arrow hits you! The arrow burns you.
Nessos mumbles some strange words.
Nessos blinks!
Nessos shoots an arrow.
You block the arrow.
You closely miss the blink frog.
The blink frog hits you but does no damage.
You hit the blink frog.
Lightning courses through the blink frog!
The blink frog is moderately wounded.
Nessos shoots an arrow.
The arrow hits you! The arrow burns you.
The blink frog hits you but does no damage.
17973 ||| READING 9 scrolls of teleportation.
As you read the scroll of teleportation, it crumbles to dust.
You feel strangely unstable.
Nessos shoots an arrow.
The arrow hits you!
You die...

....... #
.......#.
........##
#.....P.# .#
#....... ##..
###......####...#
.................
..<...c.@F......#
...............#
.........F.....#
.#.P....%.....##
#.#..........#
##.#........##
..#....<...##
..##.......## ..
##......#


You could see Nessos (fast) and 2 blink frogs.

Vanquished Creatures
  5 hydras
  Erolcha (D:9)
  A catoblepas (Lair:5)
  A two-headed ogre (D:10)
  2 boulder beetles (D:11)
  5 death yaks (Lair:2)
  An ugly thing (D:11)
  7 elephants
  A cyclops (D:11)
  Maurice (D:9)
  2 black mambas
  A torpor snail (Lair:1)
  10 cane toads
  Joseph (D:9)
  A rime drake (Lair:4)
  10 komodo dragons
  2 polar bears
  A hornet (D:9)
  3 trolls
  Prince Ribbit (D:6)
  16 blink frogs
  Grinder (D:4)
  5 dream sheep (Lair:3)
  Sigmund (D:2)
  A shadow (D:11)
  47 yaks
  3 vampire mosquitoes (D:11)
  A wyvern (Lair:2)
  A steam dragon (D:10)
  2 swamp worms (Lair:3)
  3 wargs (D:11)
  6 water moccasins
  Duvessa (D:4)
  A swamp drake (D:10)
  An ice beast (D:5)
  2 sky beasts
  3 black bears
  8 orc warriors
  3 centaurs
  4 kobold brigands
  A gnoll sergeant (D:6)
  9 bullfrogs
  A necrophage (D:6)
  2 scorpions
  17 wights
  Dowan (D:4)
  6 killer bees
  3 electric eels (Lair:2)
  4 howler monkeys
  3 hounds
  8 orc priests
  3 jellies
  A gnoll bouda (D:7)
  Ijyb (D:4)
  Terence (D:3)
  2 iguanas
  Natasha (thrice) (D:2)
  16 orc wizards
  6 hell rats (Lair:2)
  Robin (D:4)
  13 gnolls
  4 adders
  8 river rats (D:4)
  2 shadow imps (D:7)
  A white imp (D:6)
  3 ufetubi
  2 worms
  2 dart slugs
  43 orcs
  9 endoplasms
  3 giant cockroaches
  14 goblins
  6 hobgoblins
  3 jackals (D:4)
  21 kobolds
  4 quokkas
  5 ball pythons
  4 bats
  3 frilled lizards
  22 rats
428 creatures vanquished.

Vanquished Creatures (others)
  13 fungi
  14 plants
27 creatures vanquished.

Grand Total: 455 creatures vanquished

Notes
Turn   | Place    | Note
-------+----------+-------------------------------------------
     0 | D:1      | qw the Gargoyle Fighter began the quest for the Orb.
     0 | D:1      | Reached XP level 1. HP: 14/14 MP: 1/1
     0 | D:1      | 0 ||| qw: Version: 0.2-a-12-gaebbb33
     0 | D:1      | 0 ||| qw: Game counter: 1100
     0 | D:1      | 0 ||| qw: Always use a shield: true
     0 | D:1      | 0 ||| qw: God list: Okawaru
     0 | D:1      | 0 ||| qw: Allow faded altars: false
     0 | D:1      | 0 ||| qw: Do Orc after D:15 true
     0 | D:1      | 0 ||| qw: Do second Lair branch before Depths: true
     0 | D:1      | 0 ||| qw: Lair rune preference: random
     0 | D:1      | 0 ||| qw: Plans: Normal, Zot:1-4, God:TSO, Crypt, Tomb,
                  | Pan, Slime:5, Hells, Abyss, Orb
     0 | D:1      | 0 ||| PLANNING D:1-11
    79 | D:1      | Reached skill level 2 in Axes
   144 | D:1      | Reached XP level 2. HP: 19/19 MP: 2/2
   545 | D:1      | 545 ||| Stepping ~*~*~tactically~*~*~ (stealth).
   546 | D:1      | 546 ||| Stepping ~*~*~tactically~*~*~ (stealth).
   548 | D:1      | 548 ||| Stepping ~*~*~tactically~*~*~ (stealth).
   549 | D:1      | 549 ||| Stepping ~*~*~tactically~*~*~ (stealth).
   620 | D:1      | 620 ||| Stepping ~*~*~tactically~*~*~ (hiding).
   628 | D:1      | Reached skill level 3 in Axes
   755 | D:1      | 755 ||| Stepping ~*~*~tactically~*~*~ (stealth).
   761 | D:1      | Reached XP level 3. HP: 22/23 MP: 3/3
  1149 | D:1      | 1149 ||| DROPPING +0 club.
  1333 | D:1      | 1333 ||| UPGRADING to +0 chain mail.
  1343 | D:1      | 1343 ||| DROPPING +0 scale mail.
  1344 | D:1      | 1344 ||| READING 2 scrolls labelled OTERAG CIHI.
  1345 | D:1      | 1345 ||| READING scroll of brand weapon.
  1345 | D:1      | 1345 ||| BRANDING +0 war axe of chaos.
  1346 | D:1      | 1346 ||| READING scroll labelled BUNOYF KOIGGU.
  1347 | D:1      | 1347 ||| READING scroll labelled MEMUNO KONEFFI.
  1348 | D:1      | 1348 ||| READING scroll labelled BOESULLOUNT.
  1349 | D:1      | 1349 ||| DRINKING 2 fuming coppery potions.
  1437 | D:2      | 1437 ||| Stepping ~*~*~tactically~*~*~ (stealth).
  1438 | D:2      | 1438 ||| Stepping ~*~*~tactically~*~*~ (stealth).
  1439 | D:2      | 1439 ||| Stepping ~*~*~tactically~*~*~ (stealth).
  1441 | D:2      | 1441 ||| Stepping ~*~*~tactically~*~*~ (stealth).
  1442 | D:2      | 1442 ||| Stepping ~*~*~tactically~*~*~ (stealth).
  1443 | D:2      | 1443 ||| Stepping ~*~*~tactically~*~*~ (stealth).
  1512 | D:2      | Noticed Sigmund
  1526 | D:2      | HP: 5/23 [Sigmund/+0 scythe (6)]
  1533 | D:2      | Killed Sigmund
  1534 | D:2      | Reached skill level 5 in Axes
  1534 | D:2      | Reached XP level 4. HP: 7/28 MP: 4/4
  1534 | D:2      | Reached XP level 5. HP: 9/32 MP: 5/5
  1836 | D:2      | Reached XP level 6. HP: 26/38 MP: 6/6
  1930 | D:2      | 1930 ||| DROPPING +0 whip.
  1933 | D:2      | 1933 ||| DROPPING +4 whip.
  1965 | D:2      | Found a faded altar of an unknown god.
  2064 | D:2      | Noticed Natasha
  2069 | D:2      | Killed Natasha
  2162 | D:2      | Noticed Natasha
  2163 | D:2      | 2163 ||| Stepping ~*~*~tactically~*~*~ (hiding).
  2164 | D:2      | 2164 ||| Stepping ~*~*~tactically~*~*~ (hiding).
  2184 | D:2      | Killed Natasha
  2193 | D:2      | Noticed Natasha
  2194 | D:2      | 2194 ||| Stepping ~*~*~tactically~*~*~ (hiding).
  2199 | D:2      | Killed Natasha
  2390 | D:2      | 2390 ||| UPGRADING to ring of resist corrosion.
  2391 | D:2      | 2391 ||| READING 2 scrolls labelled KESI FASTRAC.
  2392 | D:2      | 2392 ||| READING 3 scrolls labelled BETUTTAQ NEPI.
  2397 | D:2      | 2397 ||| READING scroll labelled CIUGUNEGYM.
  2398 | D:2      | 2398 ||| DRINKING 2 black potions.
  2399 | D:2      | 2399 ||| DRINKING 2 grey potions.
  2427 | D:3      | Reached skill level 6 in Axes
  2518 | D:3      | Paralysed by a kobold for 3 turns
  2522 | D:3      | Paralysed by a kobold for 4 turns
  2527 | D:3      | Paralysed by a kobold for 4 turns
  2591 | D:3      | 2591 ||| Stepping ~*~*~tactically~*~*~ (stealth).
  2593 | D:3      | 2593 ||| Stepping ~*~*~tactically~*~*~ (stealth).
  2758 | D:3      | Noticed Terence
  2765 | D:3      | Killed Terence
  2766 | D:3      | Reached skill level 1 in Dodging
  3040 | D:3      | 3040 ||| READING scroll labelled CUPAIM TINE.
  3041 | D:3      | 3041 ||| DRINKING 2 fuming dark potions.
  3042 | D:3      | 3042 ||| READING 3 scrolls of identify.
  3042 | D:3      | 3042 ||| IDENTIFYING bubbling cyan potion
  3090 | D:4      | Noticed Robin
  3102 | D:4      | Killed Robin
  3131 | D:4      | 3131 ||| FLEEEEING.
  3139 | D:4      | 3139 ||| STAIRDANCE
  3260 | D:4      | Found a shimmering blue altar of Sif Muna.
  3261 | D:4      | 3261 ||| Stepping ~*~*~tactically~*~*~ (stealth).
  3272 | D:4      | Reached XP level 7. HP: 37/43 MP: 7/7
  3331 | D:4      | Found an iron altar of Okawaru.
  3332 | D:4      | 3332 ||| PLANNING OKAWARU WORSHIP
  3332 | D:4      | 3332 ||| UPGRADING to +0 helmet.
  3337 | D:4      | 3337 ||| READING scroll of enchant armour.
  3337 | D:4      | 3337 ||| ENCHANTING +0 helmet.
  3339 | D:4      | Found a sparkling altar of Nemelex Xobeh.
  3345 | D:4      | Became a worshipper of Warmaster Okawaru
  3346 | D:4      | 3346 ||| PLANNING D:1-11
  3350 | D:4      | Noticed Duvessa
  3350 | D:4      | Noticed Dowan
  3351 | D:4      | 3351 ||| Stepping ~*~*~tactically~*~*~ (hiding).
  3353 | D:4      | 3353 ||| Stepping ~*~*~tactically~*~*~ (hiding).
  3364 | D:4      | Killed Duvessa
  3367 | D:4      | 3367 ||| Stepping ~*~*~tactically~*~*~ (hiding).
  3372 | D:4      | Killed Dowan
  3373 | D:4      | Reached skill level 7 in Axes
  3714 | D:4      | Found a staircase to the Ecumenical Temple.
  3752 | D:4      | Noticed Grinder
  3754 | D:4      | Found an ornate altar of the Wu Jian Council.
  3760 | D:4      | Killed Grinder
  3967 | D:4      | Noticed Ijyb
  3974 | D:4      | Killed Ijyb
  3975 | D:4      | Reached XP level 8. HP: 39/50 MP: 8/8
  4045 | D:4      | Found a glowing golden altar of the Shining One.
  4320 | D:4      | 4320 ||| Stepping ~*~*~tactically~*~*~ (stealth).
  4357 | D:4      | 4357 ||| Stepping ~*~*~tactically~*~*~ (stealth).
  4511 | D:4      | 4511 ||| READING scroll labelled SAMUUT ACVUUFUI.
  4512 | D:4      | 4512 ||| READING 3 scrolls of identify.
  4512 | D:4      | 4512 ||| IDENTIFYING green potion
  4513 | D:4      | 4513 ||| DROPPING potion of degeneration.
  4540 | D:5      | Entered Level 5 of the Dungeon
  4545 | D:5      | 4545 ||| STAIRDANCE
  4550 | D:4      | Reached * piety under Okawaru
  4582 | D:5      | 4582 ||| INVOKING Heroism.
  4814 | D:5      | Reached skill level 8 in Axes
  4814 | D:5      | Reached skill level 1 in Invocations
  5256 | D:6      | 5256 ||| INVOKING Heroism.
  5266 | D:6      | Reached skill level 6 in Fighting
  5266 | D:6      | Reached skill level 3 in Invocations
  5469 | D:6      | 5469 ||| INVOKING Heroism.
  5627 | D:6      | 5627 ||| Stepping ~*~*~tactically~*~*~ (stealth).
  5628 | D:6      | 5628 ||| Stepping ~*~*~tactically~*~*~ (stealth).
  5629 | D:6      | 5629 ||| Stepping ~*~*~tactically~*~*~ (stealth).
  5630 | D:6      | Reached ** piety under Okawaru
  5636 | D:6      | 5636 ||| INVOKING Heroism.
  5638 | D:6      | Reached XP level 9. HP: 29/55 MP: 9/12
  5676 | D:6      | 5676 ||| INVOKING Heroism.
  5910 | D:6      | Noticed Prince Ribbit
  5911 | D:6      | 5911 ||| INVOKING Heroism.
  5922 | D:6      | Killed Prince Ribbit
  5923 | D:6      | Reached skill level 9 in Axes
  5986 | D:6      | 5986 ||| UPGRADING to +0 plate armour.
  5996 | D:6      | 5996 ||| DROPPING +0 chain mail.
  5997 | D:6      | 5997 ||| READING 2 scrolls labelled MOX EC TOGOA.
  5998 | D:6      | 5998 ||| READING 4 scrolls labelled IFOFEO KOIREKH.
  5999 | D:6      | 5999 ||| READING 5 scrolls of identify.
  5999 | D:6      | 5999 ||| IDENTIFYING bubbling pink potion
  6000 | D:6      | 6000 ||| READING 4 scrolls of identify.
  6000 | D:6      | 6000 ||| IDENTIFYING viscous emerald potion
  6001 | D:6      | 6001 ||| READING 3 scrolls of identify.
  6001 | D:6      | 6001 ||| IDENTIFYING coppery potion
  6002 | D:6      | 6002 ||| DROPPING scroll of fear.
  6003 | D:6      | 6003 ||| DROPPING potion of berserk rage.
  6004 | D:6      | 6004 ||| DROPPING 3 scrolls of poison.
  6005 | D:6      | 6005 ||| DROPPING potion of flight.
  6028 | D:7      | 6028 ||| Stepping ~*~*~tactically~*~*~ (hiding).
  6029 | D:7      | 6029 ||| Stepping ~*~*~tactically~*~*~ (hiding).
  6030 | D:7      | 6030 ||| Stepping ~*~*~tactically~*~*~ (hiding).
  6031 | D:7      | 6031 ||| Stepping ~*~*~tactically~*~*~ (hiding).
  6036 | D:7      | 6036 ||| INVOKING Heroism.
  6141 | D:7      | 6141 ||| SWAPPING to +1 vampiric hand axe.
  6190 | D:7      | 6190 ||| INVOKING Heroism.
  6222 | D:7      | Found a hazy altar of Hepliaklqana.
  6257 | D:7      | 6257 ||| Stepping ~*~*~tactically~*~*~ (hiding).
  6258 | D:7      | 6258 ||| Stepping ~*~*~tactically~*~*~ (hiding).
  6264 | D:7      | 6264 ||| INVOKING Heroism.
  6266 | D:7      | 6266 ||| Stepping ~*~*~tactically~*~*~ (hiding).
  6300 | D:7      | Noticed a troll
  6301 | D:7      | 6301 ||| INVOKING Heroism.
  6315 | D:7      | Killed a troll
  6317 | D:7      | 6317 ||| Stepping ~*~*~tactically~*~*~ (hiding).
  6320 | D:7      | 6320 ||| Stepping ~*~*~tactically~*~*~ (hiding).
  6386 | D:7      | Found the +18 Lear's hauberk
  6392 | D:7      | 6392 ||| Stepping ~*~*~tactically~*~*~ (stealth).
  6394 | D:7      | 6394 ||| INVOKING Heroism.
  6473 | D:7      | 6473 ||| INVOKING Heroism.
  6627 | D:7      | 6627 ||| INVOKING Heroism.
  6779 | D:7      | 6779 ||| Stepping ~*~*~tactically~*~*~ (hiding).
  6780 | D:7      | 6780 ||| Stepping ~*~*~tactically~*~*~ (hiding).
  6805 | D:7      | Reached skill level 6 in Armour
  6898 | D:7      | Reached *** piety under Okawaru
  7110 | D:7      | 7110 ||| INVOKING Heroism.
  7219 | D:7      | 7219 ||| UPGRADING to +0 pair of gloves.
  7224 | D:7      | 7224 ||| READING 2 scrolls labelled HIAMIEGHESIR.
  7285 | D:7      | 7285 ||| DRINKING 2 yellow potions.
  7286 | D:7      | 7286 ||| READING 2 scrolls of identify.
  7286 | D:7      | 7286 ||| IDENTIFYING viscous dark potion
  7287 | D:7      | 7287 ||| DROPPING potion of brilliance.
  7288 | D:7      | 7288 ||| DROPPING potion of ambrosia.
  7289 | D:7      | 7289 ||| DROPPING scroll of torment.
  7350 | D:8      | 7350 ||| STAIRDANCE
  7355 | D:8      | 7355 ||| STAIRDANCE
  7448 | D:8      | 7448 ||| INVOKING Heroism.
  7600 | D:8      | 7600 ||| DROPPING +0 flail.
  7602 | D:8      | Identified the +8 flail of the Traitor {drain, rCorr Str+5}
  7666 | D:8      | 7666 ||| Stepping ~*~*~tactically~*~*~ (hiding).
  7668 | D:8      | 7668 ||| Stepping ~*~*~tactically~*~*~ (hiding).
  7682 | D:8      | Reached XP level 10. HP: 53/63 MP: 13/13
  7757 | D:8      | 7757 ||| Stepping ~*~*~tactically~*~*~ (hiding).
  7760 | D:8      | 7760 ||| Stepping ~*~*~tactically~*~*~ (hiding).
  7926 | D:8      | Reached skill level 10 in Axes
  7930 | D:8      | 7930 ||| Stepping ~*~*~tactically~*~*~ (stealth).
  7932 | D:8      | 7932 ||| Stepping ~*~*~tactically~*~*~ (stealth).
  7938 | D:8      | 7938 ||| Stepping ~*~*~tactically~*~*~ (stealth).
  8291 | D:8      | 8291 ||| INVOKING Heroism.
  8494 | D:8      | 8494 ||| INVOKING Heroism.
  8991 | D:8      | 8991 ||| UPGRADING to +0 pair of boots.
  8996 | D:8      | 8996 ||| READING scroll labelled GENACU ENOPH.
  9009 | D:9      | 9009 ||| STAIRDANCE
  9021 | D:9      | 9021 ||| STAIRDANCE
  9073 | D:9      | 9073 ||| INVOKING Heroism.
  9089 | D:9      | 9089 ||| STAIRDANCE
  9188 | D:9      | 9188 ||| INVOKING Heroism.
  9245 | D:9      | 9245 ||| Stepping ~*~*~tactically~*~*~ (stealth).
  9246 | D:9      | Noticed Joseph
  9247 | D:9      | 9247 ||| Stepping ~*~*~tactically~*~*~ (hiding).
  9260 | D:9      | Paralysed by Joseph for 2 turns
  9271 | D:9      | 9271 ||| INVOKING Heroism.
  9272 | D:9      | Killed Joseph
  9334 | D:9      | 9334 ||| FLEEEEING.
  9403 | D:9      | 9403 ||| Stepping ~*~*~tactically~*~*~ (hiding).
  9407 | D:9      | 9407 ||| INVOKING Heroism.
  9471 | D:9      | Noticed Maurice
  9472 | D:9      | 9472 ||| Stepping ~*~*~tactically~*~*~ (hiding).
  9513 | D:9      | 9513 ||| Stepping ~*~*~tactically~*~*~ (hiding).
  9514 | D:9      | 9514 ||| Stepping ~*~*~tactically~*~*~ (hiding).
  9522 | D:9      | Killed Maurice
  9539 | D:9      | 9539 ||| Stepping ~*~*~tactically~*~*~ (stealth).
  9541 | D:9      | 9541 ||| Stepping ~*~*~tactically~*~*~ (hiding).
  9577 | D:9      | 9577 ||| Stepping ~*~*~tactically~*~*~ (stealth).
  9629 | D:9      | 9629 ||| INVOKING Heroism.
  9638 | D:9      | 9638 ||| Stepping ~*~*~tactically~*~*~ (stealth).
  9655 | D:9      | 9655 ||| Stepping ~*~*~tactically~*~*~ (stealth).
  9656 | D:9      | 9656 ||| Stepping ~*~*~tactically~*~*~ (stealth).
  9660 | D:9      | 9660 ||| INVOKING Heroism.
  9664 | D:9      | Reached skill level 11 in Axes
  9673 | D:9      | Reached **** piety under Okawaru
  9685 | D:9      | 9685 ||| INVOKING Heroism.
  9709 | D:9      | 9709 ||| Stepping ~*~*~tactically~*~*~ (stealth).
  9720 | D:9      | 9720 ||| INVOKING Heroism.
  9737 | D:9      | Reached XP level 11. HP: 53/68 MP: 12/14
  9914 | D:9      | 9914 ||| DRINKING 5 potions of curing.
  9914 | D:9      | 9914 ||| (to cure confusion)
  9916 | D:9      | 9916 ||| DRINKING 4 potions of curing.
  9916 | D:9      | 9916 ||| (to cure confusion)
  9963 | D:9      | 9963 ||| INVOKING Heroism.
  9963 | D:9      | Noticed Erolcha
  9964 | D:9      | 9964 ||| Stepping ~*~*~tactically~*~*~ (hiding).
  9991 | D:9      | Killed Erolcha
  9992 | D:9      | Reached skill level 6 in Invocations
 10014 | D:9      | 10014 ||| FLEEEEING.
 10015 | D:9      | 10015 ||| FLEEEEING.
 10016 | D:9      | 10016 ||| FLEEEEING.
 10017 | D:9      | 10017 ||| FLEEEEING.
 10018 | D:9      | 10018 ||| FLEEEEING.
 10019 | D:9      | 10019 ||| FLEEEEING.
 10136 | D:9      | Received a gift from Okawaru
 10210 | D:9      | 10210 ||| INVOKING Heroism.
 10268 | D:9      | 10268 ||| UPGRADING to +0 cloak.
 10273 | D:9      | 10273 ||| READING scroll labelled WOWYQI UDOU.
 10374 | D:9      | 10374 ||| READING 3 scrolls of identify.
 10374 | D:9      | 10374 ||| IDENTIFYING golden potion
 10397 | D:10     | Entered Level 10 of the Dungeon
 10529 | D:10     | 10529 ||| READING scroll of enchant armour.
 10529 | D:10     | 10529 ||| ENCHANTING +0 pair of gloves.
 10536 | D:10     | Found a transporter.
 10539 | D:10     | 10539 ||| INVOKING Heroism.
 10544 | D:10     | 10544 ||| Stepping ~*~*~tactically~*~*~ (cloud).
 10692 | D:10     | Noticed a thrashing horror
 10752 | D:10     | Found a transporter.
 10795 | D:10     | Noticed a brown ugly thing
 10797 | D:10     | Noticed qw's ghost (journeyman GrFi)
 10809 | D:10     | Found a one-way gate to the infinite horrors of the Abyss.
 10866 | D:10     | 10866 ||| INVOKING Heroism.
 10884 | D:10     | Reached skill level 1 in Throwing
 10970 | D:10     | 10970 ||| INVOKING Heroism.
 11124 | D:10     | Noticed a two-headed ogre
 11125 | D:10     | 11125 ||| Stepping ~*~*~tactically~*~*~ (stealth).
 11127 | D:10     | 11127 ||| INVOKING Heroism.
 11131 | D:10     | 11131 ||| Stepping ~*~*~tactically~*~*~ (stealth).
 11136 | D:10     | 11136 ||| Stepping ~*~*~tactically~*~*~ (stealth).
 11137 | D:10     | 11137 ||| Stepping ~*~*~tactically~*~*~ (stealth).
 11158 | D:10     | Killed a two-headed ogre
 11158 | D:10     | Received a gift from Okawaru
 11166 | D:10     | 11166 ||| Stepping ~*~*~tactically~*~*~ (hiding).
 11171 | D:10     | 11171 ||| INVOKING Heroism.
 11226 | D:10     | 11226 ||| FLEEEEING.
 11227 | D:10     | 11227 ||| FLEEEEING.
 11228 | D:10     | 11228 ||| FLEEEEING.
 11229 | D:10     | 11229 ||| FLEEEEING.
 11230 | D:10     | 11230 ||| FLEEEEING.
 11231 | D:10     | 11231 ||| FLEEEEING.
 11232 | D:10     | 11232 ||| FLEEEEING.
 11233 | D:10     | 11233 ||| FLEEEEING.
 11234 | D:10     | 11234 ||| FLEEEEING.
 11235 | D:10     | 11235 ||| FLEEEEING.
 11243 | D:10     | 11243 ||| FLEEEEING.
 11244 | D:10     | 11244 ||| FLEEEEING.
 11245 | D:10     | 11245 ||| FLEEEEING.
 11246 | D:10     | 11246 ||| FLEEEEING.
 11247 | D:10     | 11247 ||| FLEEEEING.
 11248 | D:10     | 11248 ||| FLEEEEING.
 11249 | D:10     | 11249 ||| FLEEEEING.
 11250 | D:10     | 11250 ||| FLEEEEING.
 11251 | D:10     | 11251 ||| FLEEEEING.
 11252 | D:10     | 11252 ||| FLEEEEING.
 11253 | D:10     | 11253 ||| FLEEEEING.
 11254 | D:10     | 11254 ||| FLEEEEING.
 11255 | D:10     | 11255 ||| FLEEEEING.
 11256 | D:10     | 11256 ||| FLEEEEING.
 11257 | D:10     | 11257 ||| FLEEEEING.
 11258 | D:10     | 11258 ||| FLEEEEING.
 11259 | D:10     | 11259 ||| FLEEEEING.
 11260 | D:10     | 11260 ||| FLEEEEING.
 11261 | D:10     | 11261 ||| FLEEEEING.
 11262 | D:10     | 11262 ||| FLEEEEING.
 11263 | D:10     | 11263 ||| STAIRDANCE
 11341 | D:9      | 11341 ||| DROPPING +1 helmet.
 11411 | D:10     | Found a staircase to the Orcish Mines.
 11428 | D:10     | 11428 ||| INVOKING Heroism.
 11474 | D:10     | 11474 ||| READING scroll of enchant weapon.
 11474 | D:10     | 11474 ||| ENCHANTING +1 vampiric hand axe.
 11534 | D:10     | 11534 ||| INVOKING Heroism.
 11702 | D:11     | 11702 ||| INVOKING Heroism.
 11930 | D:11     | 11930 ||| INVOKING Heroism.
 11944 | D:11     | Reached skill level 9 in Fighting
 11961 | D:11     | 11961 ||| Stepping ~*~*~tactically~*~*~ (stealth).
 12049 | D:11     | Noticed a cyclops
 12050 | D:11     | 12050 ||| INVOKING Heroism.
 12052 | D:11     | 12052 ||| Stepping ~*~*~tactically~*~*~ (hiding).
 12053 | D:11     | 12053 ||| Stepping ~*~*~tactically~*~*~ (hiding).
 12055 | D:11     | 12055 ||| Stepping ~*~*~tactically~*~*~ (hiding).
 12058 | D:11     | Reached skill level 3 in Throwing
 12080 | D:11     | 12080 ||| Stepping ~*~*~tactically~*~*~ (stealth).
 12081 | D:11     | 12081 ||| Stepping ~*~*~tactically~*~*~ (stealth).
 12082 | D:11     | 12082 ||| Stepping ~*~*~tactically~*~*~ (stealth).
 12083 | D:11     | 12083 ||| Stepping ~*~*~tactically~*~*~ (stealth).
 12084 | D:11     | 12084 ||| INVOKING Heroism.
 12102 | D:11     | Killed a cyclops
 12122 | D:11     | 12122 ||| Stepping ~*~*~tactically~*~*~ (stealth).
 12123 | D:11     | 12123 ||| Stepping ~*~*~tactically~*~*~ (stealth).
 12211 | D:11     | Found a staircase to the Lair.
 12225 | D:11     | Noticed a boulder beetle
 12226 | D:11     | 12226 ||| INVOKING Heroism.
 12236 | D:11     | Noticed a boulder beetle
 12249 | D:11     | 12249 ||| INVOKING Heroism.
 12267 | D:11     | Noticed a green ugly thing
 12271 | D:11     | Killed a boulder beetle
 12271 | D:11     | Reached ***** piety under Okawaru
 12272 | D:11     | 12272 ||| FLEEEEING.
 12273 | D:11     | 12273 ||| INVOKING Finesse.
 12285 | D:11     | Killed a green ugly thing
 12286 | D:11     | Reached skill level 9 in Armour
 12300 | D:11     | 12300 ||| INVOKING Heroism.
 12319 | D:11     | Killed a boulder beetle
 12320 | D:11     | Reached skill level 9 in Invocations
 12458 | D:11     | 12458 ||| Stepping ~*~*~tactically~*~*~ (stealth).
 12459 | D:11     | 12459 ||| Stepping ~*~*~tactically~*~*~ (stealth).
 12460 | D:11     | 12460 ||| Stepping ~*~*~tactically~*~*~ (stealth).
 12461 | D:11     | 12461 ||| Stepping ~*~*~tactically~*~*~ (stealth).
 12466 | D:11     | 12466 ||| INVOKING Heroism.
 12476 | D:11     | Reached XP level 12. HP: 62/76 MP: 16/18
 12604 | D:11     | 12604 ||| PLANNING LAIR
 12604 | D:11     | 12604 ||| READING 4 scrolls of identify.
 12604 | D:11     | 12604 ||| IDENTIFYING bubbling blue potion
 12635 | Lair:1   | Entered Level 1 of the Lair of Beasts
 12647 | Lair:1   | 12647 ||| READING scroll of enchant armour.
 12647 | Lair:1   | 12647 ||| ENCHANTING +1 pair of gloves.
 12648 | Lair:1   | Identified the +9 battleaxe of Caweugra {holy, Will+}
 12721 | Lair:1   | 12721 ||| INVOKING Heroism.
 12801 | Lair:1   | 12801 ||| Stepping ~*~*~tactically~*~*~ (stealth).
 12808 | Lair:1   | 12808 ||| INVOKING Heroism.
 12810 | Lair:1   | 12810 ||| Stepping ~*~*~tactically~*~*~ (stealth).
 12817 | Lair:1   | 12817 ||| Stepping ~*~*~tactically~*~*~ (stealth).
 12844 | Lair:1   | 12844 ||| INVOKING Heroism.
 13003 | Lair:1   | 13003 ||| Stepping ~*~*~tactically~*~*~ (stealth).
 13005 | Lair:1   | 13005 ||| Stepping ~*~*~tactically~*~*~ (stealth).
 13007 | Lair:1   | 13007 ||| Stepping ~*~*~tactically~*~*~ (stealth).
 13009 | Lair:1   | 13009 ||| INVOKING Heroism.
 13130 | Lair:1   | 13130 ||| Stepping ~*~*~tactically~*~*~ (stealth).
 13132 | Lair:1   | 13132 ||| INVOKING Heroism.
 13136 | Lair:1   | Reached skill level 12 in Axes
 13463 | Lair:1   | 13463 ||| READING scroll labelled VYTROU TEESUBB.
 13500 | Lair:2   | Noticed a death yak
 13500 | Lair:2   | Noticed a death yak
 13501 | Lair:2   | 13501 ||| INVOKING Heroism.
 13502 | Lair:2   | 13502 ||| INVOKING Finesse.
 13502 | Lair:2   | Noticed a death yak
 13503 | Lair:2   | 13503 ||| Stepping ~*~*~tactically~*~*~ (stealth).
 13516 | Lair:2   | Noticed a death yak
 13531 | Lair:2   | Noticed a death yak
 13532 | Lair:2   | Killed a death yak
 13546 | Lair:2   | Killed a death yak
 13547 | Lair:2   | Reached skill level 6 in Shields
 13573 | Lair:2   | Killed a death yak
 13574 | Lair:2   | 13574 ||| INVOKING Heroism.
 13579 | Lair:2   | Killed a death yak
 13579 | Lair:2   | Received a gift from Okawaru
 13586 | Lair:2   | Killed a death yak
 13638 | Lair:2   | 13638 ||| SWAPPING to +2 broad axe of electrocution.
 13639 | Lair:2   | 13639 ||| DROPPING +2 vampiric hand axe.
 13640 | Lair:2   | 13640 ||| DROPPING +1 vorpal war axe.
 13676 | Lair:2   | 13676 ||| INVOKING Heroism.
 13863 | Lair:2   | 13863 ||| Stepping ~*~*~tactically~*~*~ (stealth).
 13867 | Lair:2   | 13867 ||| INVOKING Heroism.
 14183 | Lair:2   | 14183 ||| INVOKING Heroism.
 14211 | Lair:2   | Reached XP level 13. HP: 53/82 MP: 20/20
 14249 | Lair:2   | 14249 ||| FLEEEEING.
 14250 | Lair:2   | 14250 ||| FLEEEEING.
 14251 | Lair:2   | 14251 ||| FLEEEEING.
 14352 | Lair:2   | Identified the ring of Ixedoveg {Ice rN+ MP+9 Str+4}
 14374 | Lair:2   | 14374 ||| INVOKING Heroism.
 14375 | Lair:2   | 14375 ||| SWAPPING to +4 morningstar of freezing.
 14376 | Lair:2   | 14376 ||| INVOKING Finesse.
 14379 | Lair:2   | 14379 ||| Stepping ~*~*~tactically~*~*~ (outnumbered).
 14398 | Lair:2   | 14398 ||| SWAPPING to +2 broad axe of electrocution.
 14506 | Lair:2   | 14506 ||| INVOKING Heroism.
 14519 | Lair:2   | Reached skill level 13 in Axes
 14529 | Lair:2   | You fall into a shaft and drop 1 floor!
 14541 | Lair:3   | 14541 ||| Stepping ~*~*~tactically~*~*~ (stealth).
 14544 | Lair:3   | 14544 ||| INVOKING Heroism.
 14581 | Lair:3   | 14581 ||| INVOKING Heroism.
 14657 | Lair:3   | 14657 ||| Stepping ~*~*~tactically~*~*~ (stealth).
 14660 | Lair:3   | 14660 ||| INVOKING Heroism.
 14662 | Lair:3   | 14662 ||| Stepping ~*~*~tactically~*~*~ (stealth).
 14667 | Lair:3   | 14667 ||| Stepping ~*~*~tactically~*~*~ (stealth).
 14691 | Lair:3   | Received a gift from Okawaru
 14738 | Lair:3   | 14738 ||| INVOKING Heroism.
 14739 | Lair:3   | 14739 ||| INVOKING Finesse.
 14741 | Lair:3   | 14741 ||| SWAPPING to +4 morningstar of freezing.
 14749 | Lair:3   | 14749 ||| SWAPPING to +2 broad axe of electrocution.
 14755 | Lair:3   | 14755 ||| Stepping ~*~*~tactically~*~*~ (stealth).
 14806 | Lair:3   | Found a hole to the Spider Nest.
 14919 | Lair:3   | 14919 ||| Stepping ~*~*~tactically~*~*~ (stealth).
 14942 | Lair:3   | 14942 ||| INVOKING Heroism.
 14975 | Lair:3   | 14975 ||| INVOKING Finesse.
 14981 | Lair:3   | 14981 ||| INVOKING Heroism.
 14982 | Lair:3   | 14982 ||| SWAPPING to +4 morningstar of freezing.
 14989 | Lair:3   | 14989 ||| SWAPPING to +2 broad axe of electrocution.
 15080 | Lair:3   | 15080 ||| INVOKING Heroism.
 15240 | Lair:3   | 15240 ||| INVOKING Heroism.
 15241 | Lair:3   | 15241 ||| INVOKING Finesse.
 15242 | Lair:3   | 15242 ||| Stepping ~*~*~tactically~*~*~ (stealth).
 15243 | Lair:3   | 15243 ||| SWAPPING to +4 morningstar of freezing.
 15250 | Lair:3   | Reached skill level 14 in Axes
 15250 | Lair:3   | 15250 ||| SWAPPING to +2 broad axe of electrocution.
 15251 | Lair:3   | 15251 ||| SWAPPING to +4 morningstar of freezing.
 15259 | Lair:3   | 15259 ||| SWAPPING to +2 broad axe of electrocution.
 15320 | Lair:3   | Found a staircase to the Swamp.
 15434 | Lair:3   | 15434 ||| UPGRADING to ring of Ixedoveg {Ice rN+ MP+9
                  | Str+4}.
 15435 | Lair:3   | 15435 ||| UPGRADING to ring of ice.
 15437 | Lair:3   | 15437 ||| DROPPING ring of ice.
 15578 | Lair:2   | Received a gift from Okawaru
 15666 | Lair:2   | 15666 ||| Stepping ~*~*~tactically~*~*~ (stealth).
 15669 | Lair:2   | 15669 ||| INVOKING Heroism.
 15792 | Lair:2   | 15792 ||| Stepping ~*~*~tactically~*~*~ (stealth).
 15794 | Lair:2   | 15794 ||| Stepping ~*~*~tactically~*~*~ (stealth).
 15796 | Lair:2   | 15796 ||| INVOKING Heroism.
 16178 | Lair:2   | 16178 ||| DROPPING +1 pair of gloves.
 16339 | Lair:3   | 16339 ||| READING 2 scrolls of enchant armour.
 16339 | Lair:3   | 16339 ||| ENCHANTING +1 helmet.
 16340 | Lair:3   | 16340 ||| READING scroll of enchant armour.
 16340 | Lair:3   | 16340 ||| ENCHANTING +0 pair of boots.
 16457 | Lair:3   | 16457 ||| INVOKING Heroism.
 16590 | Lair:3   | 16590 ||| INVOKING Heroism.
 16784 | Lair:3   | 16784 ||| DROPPING scarf of harm.
 16819 | Lair:4   | 16819 ||| INVOKING Heroism.
 16833 | Lair:4   | 16833 ||| Stepping ~*~*~tactically~*~*~ (stealth).
 16840 | Lair:4   | Received a gift from Okawaru
 17028 | Lair:4   | Identified the +1 plate armour of Zin's Supremacy {rC-
                  | Dex-5 SInv Stlth+}
 17100 | Lair:4   | 17100 ||| INVOKING Heroism.
 17250 | Lair:4   | Gained mutation: Your large and strong wings let you fly.
                  | [Gargoyle growth]
 17250 | Lair:4   | Reached XP level 14. HP: 90/90 MP: 21/21
 17326 | Lair:4   | 17326 ||| READING scroll of enchant armour.
 17326 | Lair:4   | 17326 ||| ENCHANTING +1 pair of boots.
 17905 | Lair:4   | 17905 ||| READING scroll labelled WIVESHRUNUAPRI.
 17940 | Lair:5   | Entered Level 5 of the Lair of Beasts
 17940 | Lair:5   | Noticed Nessos
 17941 | Lair:5   | 17941 ||| INVOKING Heroism.
 17942 | Lair:5   | 17942 ||| INVOKING Finesse.
 17972 | Lair:5   | HP: 13/90 [Nessos/arrow (12)]
 17973 | Lair:5   | 17973 ||| READING 9 scrolls of teleportation.
 17973 | Lair:5   | Shot with an arrow by Nessos

Levels and vault maps discovered:
D:1:      dreamdust_arrival_sigmund_warning, layout_basic
D:2:      layout_rooms, ebering_ecumenical_altar_abandoned, uniq_natasha,
          uniq_sigmund
D:3:      layout_basic, kennysheep_generic_room_3, uniq_terence
D:4:      layout_loops_corners, nicolae_tso_carved_into_rock,
          nzn_wu_jian_contemplation, grunt_temple_overflow_open,
          minmay_temple_entry_sparse_star, corexii_item_surrounded_by_moat,
          dk_rats_in_the_wall, uniq_ijyb, uniq_grinder, uniq_robin, uniq_duvessa
D:5:      layout_cave_pools
D:6:      layout_gridville, uniq_prince_ribbit1
D:7:      layout_basic, mainiacjoe_overflow_brackets,
          hellmonk_guarded_unrand_lears
D:8:      layout_layer_cave, enter_bailey_2
D:9:      layout_roguey, st_stairs_1, uniq_erolcha, uniq_joseph, uniq_maurice
D:10:     layout_cave_pods, erik_orc_1, gammafunk_ghost_abyssal_escape,
          item_on_display_a
D:11:     layout_gridville, erik_lair_orcish_takeover
Lair:1:   layout_regular_city
Lair:2:   nzn_winding_woodlands_cross [nzn_winding_woodlands_5x15_eye,
          nzn_winding_woodlands_5x15_river_crossing,
          nzn_winding_woodlands_5x15_zeroes, nzn_winding_woodlands_5x15_cabin,
          nzn_winding_woodlands_15x15_eel_pit], layout_small_grid,
          lemuel_fruit_fields
Lair:3:   layout_cave_pods, palyth_hydra_swamp_entry, dummy_spider_entry
Lair:4:   layout_cave_pods
Lair:5:   cheibrodos_lair_end_hotspot, layout_regular_city, slime_entry_2,
          gammafunk_ghost_ooze, uniq_nessos

Skill      XL: |  1  2  3  4  5  6  7  8  9 10 11 12 13 |
---------------+----------------------------------------+-----
Axes           | 2 3 5 6 7 8 9 11 12 14 | 14.5
Fighting       | 4 5 6 7 8 9 10 11 | 11.0
Dodging        | 1 2 |  2.7
Invocations    | 4 5 9 10 | 10.0
Armour         | 4 6 8 9 10 11 | 11.1
Shields        | 4 5 6 7 |  7.1
Throwing       | 3 4 |  4.0

Action                   |  1- 3 |  4- 6 |  7- 9 | 10-12 | 13-15 || total
-------------------------+-------+-------+-------+-------+-------++-------
Melee: War axe           |   123 |   110 |   192 |       |       ||   425
       Hand axe          |       |       |   206 |   896 |       ||  1102
       Broad axe         |       |       |       |    61 |   226 ||   287
       Morningstar       |       |       |       |       |    40 ||    40
Throw: Boomerang         |       |       |       |    29 |    24 ||    53
       Javelin           |       |       |       |    26 |    53 ||    79
Invok: Heroism           |       |       |    15 |    37 |    17 ||    69
       Finesse           |       |       |       |     2 |     5 ||     7
  Use: Scroll            |     5 |     5 |    10 |     8 |     5 ||    33
       Potion            |     1 |     3 |     1 |     2 |       ||     7
 Stab: Confused          |       |       |       |     1 |       ||     1
Armor: Scale mail        |    53 |       |       |       |       ||    53
       Chain mail        |     7 |    83 |    97 |       |       ||   187
       Plate armour      |       |       |   116 |   438 |   139 ||   693
Dodge: Dodged            |    42 |    35 |   103 |   202 |    72 ||   454
Block: Buckler           |    34 |    12 |    54 |   168 |    65 ||   333

Table legend:
 A = Non-vault XP
 B = Vault XP
 C = Vault XP percentage of total XP
 D = Non-vault monster count
 E = Vault monster count
 F = Vault count percentage of total count
                 A         B        C        D         E       F
            +---------+---------+-------+---------+---------+-------
      Total |   44134 |   12125 |  21.6 |     340 |      88 |  20.6
            +---------+---------+-------+---------+---------+-------
        D:1 |      50 |       0 |   0.0 |      29 |       0 |   0.0
        D:2 |     161 |     258 |  61.6 |      17 |       2 |  10.5
        D:3 |      70 |      37 |  34.6 |      14 |       2 |  12.5
        D:4 |     130 |     658 |  83.5 |      16 |      32 |  66.7
        D:5 |     366 |       0 |   0.0 |       8 |       0 |   0.0
        D:6 |     862 |     277 |  24.3 |      16 |       1 |   5.9
        D:7 |    1231 |     296 |  19.4 |      42 |       1 |   2.3
        D:8 |    1684 |       0 |   0.0 |      20 |       0 |   0.0
        D:9 |    2758 |    1927 |  41.1 |      40 |       6 |  13.0
       D:10 |    1746 |     591 |  25.3 |      16 |      17 |  51.5
       D:11 |    4674 |     610 |  11.5 |      15 |       8 |  34.8
     Lair:1 |    5467 |       0 |   0.0 |      23 |       0 |   0.0
     Lair:2 |    7802 |    4573 |  37.0 |      29 |      13 |  31.0
     Lair:3 |    8379 |    2898 |  25.7 |      27 |       6 |  18.2
     Lair:4 |    7383 |       0 |   0.0 |      25 |       0 |   0.0
     Lair:5 |    1371 |       0 |   0.0 |       3 |       0 |   0.0
            +---------+---------+-------+---------+---------+-------
